[gd_scene load_steps=12 format=2]

[ext_resource path="res://scripts/SmalltalkVM.cs" type="Script" id=1]
[ext_resource path="res://sounds/ded.wav" type="AudioStream" id=2]
[ext_resource path="res://sounds/coin.wav" type="AudioStream" id=3]
[ext_resource path="res://sounds/jump.wav" type="AudioStream" id=4]
[ext_resource path="res://models/cloud/cloud.glb" type="PackedScene" id=5]
[ext_resource path="res://models/block/blocks.tscn" type="PackedScene" id=6]
[ext_resource path="res://models/bush/bush.glb" type="PackedScene" id=7]

[sub_resource type="SpatialMaterial" id=1]
albedo_color = Color( 0, 0, 0, 1 )

[sub_resource type="SpatialMaterial" id=2]
albedo_color = Color( 0, 0, 0, 1 )
emission_enabled = true
emission = Color( 0, 0.470588, 0.972549, 1 )
emission_energy = 1.0
emission_operator = 0
emission_on_uv2 = false

[sub_resource type="SpatialMaterial" id=3]
albedo_color = Color( 0, 0, 0, 1 )
emission_enabled = true
emission = Color( 0, 0.721569, 0, 1 )
emission_energy = 1.0
emission_operator = 0
emission_on_uv2 = false

[sub_resource type="BoxShape" id=4]

[node name="Spatial" type="Spatial"]
script = ExtResource( 1 )
memoryAddress = "SmalltalkPixel2"
interpret = true
bytecodeFile = "res://TitleBytecode.stb"

[node name="Camera" type="Camera" parent="."]
transform = Transform( 1, 0, 0, 0, 1, 0, 0, 0, 1, -0.0112952, 0, -2.19033 )
projection = 1
size = 1.5

[node name="blackground" type="CSGBox" parent="."]
transform = Transform( 10.3716, 0, 0, 0, 0.602615, 0, 0, 0, 0.602615, -0.00806808, 0, -4.00775 )
material = SubResource( 1 )

[node name="sky" type="CSGBox" parent="."]
transform = Transform( 16.3934, 0, 0, 0, 0.715674, 0, 0, 0, 0.0671628, -0.312166, 0.0499831, -3.46748 )
material = SubResource( 2 )

[node name="CSGBox3" type="CSGBox" parent="."]
transform = Transform( 1.16264, 0, 0, 0, 0.309092, 0, 0, 0, 0.258814, -0.312166, -0.481142, -3.46748 )
material = SubResource( 3 )

[node name="StaticBody" type="StaticBody" parent="CSGBox3"]

[node name="CollisionShape" type="CollisionShape" parent="CSGBox3/StaticBody"]
shape = SubResource( 4 )

[node name="CSGBox4" type="CSGBox" parent="."]
transform = Transform( 1.16264, 0, 0, 0, 0.309092, 0, 0, 0, 0.258814, -3.01964, -0.481142, -3.46748 )
material = SubResource( 3 )

[node name="StaticBody" type="StaticBody" parent="CSGBox4"]

[node name="CollisionShape" type="CollisionShape" parent="CSGBox4/StaticBody"]
shape = SubResource( 4 )

[node name="jumpSound" type="AudioStreamPlayer" parent="."]
stream = ExtResource( 4 )
volume_db = -4.588

[node name="coinSound" type="AudioStreamPlayer" parent="."]
stream = ExtResource( 3 )

[node name="dedSound" type="AudioStreamPlayer" parent="."]
stream = ExtResource( 2 )

[node name="Control" type="Control" parent="."]
margin_right = 259.0
margin_bottom = 240.0
__meta__ = {
"_edit_use_anchors_": false
}

[node name="RichTextLabel" type="RichTextLabel" parent="Control"]
anchor_top = 0.35
anchor_right = 1.0
anchor_bottom = 0.6
margin_right = -2.0
margin_bottom = 40.0
bbcode_enabled = true
bbcode_text = "[center]Not my 
problem!"
text = "Not my 
problem!"
__meta__ = {
"_edit_use_anchors_": false
}

[node name="blocks" parent="." instance=ExtResource( 6 )]
transform = Transform( 1, 0, 0, 0, 1, 0, 0, 0, 1, -0.367737, 0, 0 )

[node name="cloud" parent="." instance=ExtResource( 5 )]
transform = Transform( 0.637539, 0, 0, 0, 0.637539, 0, 0, 0, 0.637539, 0.463453, 0.636411, -3.28218 )

[node name="bush" parent="." instance=ExtResource( 7 )]
transform = Transform( 0.633238, 0, 0, 0, 0.633238, 0, 0, 0, 0.633238, -0.625443, -0.177164, -3.28218 )

[node name="bush2" parent="." instance=ExtResource( 7 )]
transform = Transform( 0.633238, 0, 0, 0, 0.633238, 0, 0, 0, 0.633238, 0.50987, -0.177164, -3.28218 )

[node name="cloud2" parent="." instance=ExtResource( 5 )]
transform = Transform( 0.592938, 0, 0, 0, 0.592938, 0, 0, 0, 0.592938, 0.0446482, 0.456344, -3.28218 )

[node name="cloud3" parent="." instance=ExtResource( 5 )]
transform = Transform( 0.439545, 0, 0, 0, 0.439545, 0, 0, 0, 0.439545, -0.598974, 0.41008, -3.27342 )

[node name="cloud4" parent="." instance=ExtResource( 5 )]
transform = Transform( 0.592938, 0, 0, 0, 0.592938, 0, 0, 0, 0.592938, -0.899357, 0.604234, -3.28218 )
